3AAA
TORTOLITA DRUMMERS @ ATHLETIC CLUB KC RESERVES
07/12/2037
 
TOP OF THE 1ST
Tortolita Drummers batting - Pitching for Athletic Club KC Reserves : LHP Roman Phansalker
Pitching: LHP Roman Phansalker
Batting: RHB Tso-i Wang 0-0: Called Strike
0-1: Ball
1-1: Fly out, F8 (Flyball, 8RS, EV 93.1 MPH)
Batting: RHB Ken Moore 0-0: Ground out 6-3 (Groundball, 6D, EV 105.0 MPH)
Batting: LHB Preston Witt 0-0: Foul Ball, location: 2F
0-1: Called Strike
0-2: Strikes out looking
Top of the 1st over - 0 runs, 0 hits, 0 errors, 0 left on base; Tortolita 0 - Athletic Club KC 0
BOTTOM OF THE 1ST
Athletic Club KC Reserves batting - Pitching for Tortolita Drummers : RHP Scott Thompson
Pitching: RHP Scott Thompson
Batting: LHB Jason Ward 0-0: Called Strike
0-1: Ball
1-1: Ball
2-1: Fly out, F9 (Line Drive, 9D, EV 87.5 MPH)
Batting: LHB Kwang-chih Feng 0-0: Fly out, F8 (Flyball, 8LM, EV 93.8 MPH)
Batting: LHB Luis Miguel González 0-0: Called Strike
0-1: Called Strike
0-2: Strikes out swinging
Bottom of the 1st over - 0 runs, 0 hits, 0 errors, 0 left on base; Tortolita 0 - Athletic Club KC 0
TOP OF THE 2ND
Tortolita Drummers batting - Pitching for Athletic Club KC Reserves : LHP Roman Phansalker
Batting: RHB Armando Chamú 0-0: Ball
1-0: Called Strike
1-1: Swinging Strike
1-2: Foul Ball, location: 2F
1-2: Fly out, F8 (Flyball, 8RM, EV 93.8 MPH)
Batting: RHB Seong-ho Chong 0-0: Ball
1-0: Foul Ball, location: 2F
1-1: DOUBLE (Line Drive, 9LM, EV 104.4 MPH)
Batting: RHB Tomás Costello 0-0: Called Strike
0-1: Swinging Strike
0-2: Foul Ball, location: 2F
0-2: Ball
1-2: SINGLE (Line Drive, 7S, EV 96.9 MPH)
Seong-ho Chong to third
Batting: RHB Askari bin Idris 0-0: Called Strike
0-1: Called Strike
0-2: Ball
1-2: Grounds into double play, 5-4-3 (Groundball, 56, EV 85.0 MPH)
Top of the 2nd over - 0 runs, 2 hits, 0 errors, 1 left on base; Tortolita 0 - Athletic Club KC 0
BOTTOM OF THE 2ND
Athletic Club KC Reserves batting - Pitching for Tortolita Drummers : RHP Scott Thompson
Batting: RHB Francisco Vargas 0-0: Called Strike
0-1: Ball
1-1: Swinging Strike
1-2: Strikes out looking
Batting: RHB Jihan Tuah 0-0: Called Strike
0-1: Foul Ball, location: 2F
0-2: Ball
1-2: SINGLE (Groundball, 56D, EV 101.2 MPH)
Batting: RHB Tasuku Goto 0-0: Fly out, F8 (Flyball, 8RM, EV 74.4 MPH)
Batting: LHB Todd Baker 0-0: Ball
1-0: Fly out, F9 (Flyball, 9, EV 96.9 MPH)
Bottom of the 2nd over - 0 runs, 1 hit, 0 errors, 1 left on base; Tortolita 0 - Athletic Club KC 0
TOP OF THE 3RD
Tortolita Drummers batting - Pitching for Athletic Club KC Reserves : LHP Roman Phansalker
Batting: RHB Scotty Glenn 0-0: Ball
1-0: Ball
2-0: Foul Ball, location: 2F
2-1: Ball
3-1: Base on Balls
Batting: RHB Mason Congdon 0-0: Foul Ball, location: 2F
0-1: Ball
1-1: Swinging Strike
1-2: Foul Ball, location: 2F
1-2: Strikes out swinging
Batting: RHB Tso-i Wang 0-0: Ball
1-0: Called Strike
1-1: Fielders Choice at 2nd, 4-6 (Groundball, 4, EV 110.0 MPH)
Batting: RHB Ken Moore 0-0: Foul Ball, location: 2F
0-1: Ball
1-1: Ball
2-1: Swinging Strike
2-2: Strikes out looking
Top of the 3rd over - 0 runs, 0 hits, 0 errors, 1 left on base; Tortolita 0 - Athletic Club KC 0
BOTTOM OF THE 3RD
Athletic Club KC Reserves batting - Pitching for Tortolita Drummers : RHP Scott Thompson
Batting: RHB Bobby McFillin 0-0: Called Strike
0-1: DOUBLE (Line Drive, 8LXD, EV 98.1 MPH)
Batting: RHB Gabriel Camparán 0-0: Fly out, F4 (Line Drive, 4, EV 65.0 MPH)
Batting: LHB Jason Ward 0-0: Fly out, F8 (Flyball, 89D, EV 90.6 MPH)
Batting: LHB Kwang-chih Feng 0-0: Called Strike
0-1: Ball
1-1: Ball
2-1: Swinging Strike
2-2: Strikes out swinging
Bottom of the 3rd over - 0 runs, 1 hit, 0 errors, 1 left on base; Tortolita 0 - Athletic Club KC 0
TOP OF THE 4TH
Tortolita Drummers batting - Pitching for Athletic Club KC Reserves : LHP Roman Phansalker
Batting: LHB Preston Witt 0-0: Foul Ball, location: 2F
0-1: Ball
1-1: Ball
2-1: Ball
3-1: SINGLE (Flyball, 7S, EV 93.8 MPH)
Batting: RHB Armando Chamú 0-0: Called Strike
0-1: Called Strike
0-2: Foul Ball, location: 2F
0-2: SINGLE (Line Drive, 8LS, EV 95.0 MPH)
Preston Witt to second
Runner from 2nd tries for 3rd, SAFE, no throw by CF
Batting: RHB Seong-ho Chong 0-0: Ball
1-0: Called Strike
1-1: Ball
2-1: Ball
3-1: Foul Ball, location: 2F
3-2: Grounds into double play, 6-4-3 (Groundball, 6, EV 85.0 MPH)
Preston Witt scores
Batting: RHB Tomás Costello 0-0: Ball
1-0: Swinging Strike
1-1: Swinging Strike
1-2: Ground out 4-3 (Groundball, 4S, EV 80.0 MPH)
Top of the 4th over - 1 run, 2 hits, 0 errors, 0 left on base; Tortolita 1 - Athletic Club KC 0
BOTTOM OF THE 4TH
Athletic Club KC Reserves batting - Pitching for Tortolita Drummers : RHP Scott Thompson
Batting: LHB Luis Miguel González 0-0: Ball
1-0: SINGLE (Groundball, 6S, EV 61.2 MPH) (infield hit)
Batting: RHB Francisco Vargas 0-0: Ball
1-0: Fly out, F9 (Flyball, 9, EV 96.2 MPH)
Batting: RHB Jihan Tuah 0-0: Ball
1-0: Ball
2-0: Ball
3-0: Fly out, F7 (Flyball, 7LMF, EV 91.2 MPH)
Batting: RHB Tasuku Goto 0-0: SINGLE (Groundball, 4D, EV 98.8 MPH)
Luis Miguel González to second
Runner from 2nd tries for 3rd, OUT! 8-5
Bottom of the 4th over - 0 runs, 2 hits, 0 errors, 1 left on base; Tortolita 1 - Athletic Club KC 0
TOP OF THE 5TH
Tortolita Drummers batting - Pitching for Athletic Club KC Reserves : LHP Roman Phansalker
Batting: RHB Askari bin Idris 0-0: Ball
1-0: Ball
2-0: Swinging Strike
2-1: Foul Ball, location: 2F
2-2: Ground out 1-3 (Groundball, 13, EV 71.9 MPH)
Batting: RHB Scotty Glenn 0-0: Called Strike
0-1: Called Strike
0-2: Ball
1-2: Foul Ball, location: 2F
1-2: Ball
2-2: Foul Ball, location: 2F
2-2: Foul Ball, location: 2F
2-2: Ball
3-2: Foul Ball, location: 2F
3-2: Fly out, F5 (Line Drive, 5, EV 66.9 MPH)
Batting: RHB Mason Congdon 0-0: Called Strike
0-1: Called Strike
0-2: Foul Ball, location: 2F
0-2: Foul Ball, location: 2F
0-2: Ball
1-2: Ball
2-2: Ball
3-2: SOLO HOME RUN (Flyball, 7D, EV 89.4 MPH), Distance : 344 ft
Batting: RHB Tso-i Wang 0-0: Ball
1-0: Ball
2-0: Foul Ball, location: 2F
2-1: SINGLE (Line Drive, 9S, EV 97.5 MPH)
Batting: RHB Ken Moore 0-0: Ball
1-0: Ball
2-0: Swinging Strike
2-1: Fly out, F8 (Flyball, 8LD, EV 108.1 MPH)
Top of the 5th over - 1 run, 2 hits, 0 errors, 1 left on base; Tortolita 2 - Athletic Club KC 0
BOTTOM OF THE 5TH
Athletic Club KC Reserves batting - Pitching for Tortolita Drummers : RHP Scott Thompson
Batting: LHB Todd Baker 0-0: Fly out, F3 (Line Drive, 3, EV 65.0 MPH)
Batting: RHB Bobby McFillin 0-0: Called Strike
0-1: Ball
1-1: Foul Ball, location: 2F
1-2: Foul Ball, location: 2F
1-2: Foul Ball, location: 2F
1-2: Strikes out swinging
Batting: RHB Gabriel Camparán 0-0: Ball
1-0: Called Strike
1-1: Swinging Strike
1-2: Fly out, F9 (Line Drive, 9, EV 91.2 MPH)
Bottom of the 5th over - 0 runs, 0 hits, 0 errors, 0 left on base; Tortolita 2 - Athletic Club KC 0
TOP OF THE 6TH
Tortolita Drummers batting - Pitching for Athletic Club KC Reserves : LHP Roman Phansalker
Batting: LHB Preston Witt 0-0: Ball
1-0: Called Strike
1-1: Swinging Strike
1-2: Hit by Pitch
Batting: RHB Armando Chamú 0-0: Foul Ball, location: 2F
0-1: Swinging Strike
0-2: Strikes out swinging
Batting: RHB Seong-ho Chong 0-0: Foul Ball, location: 2F
0-1: Ball
1-1: Called Strike
1-2: Ball
2-2: Ball
3-2: Single, Error in OF, E7, batter to second base (Groundball, 56D, EV 100.0 MPH)
Preston Witt to third
Pitching: RHP Kris Massey
Batting: RHB Tomás Costello 0-0: Called Strike
0-1: Ball
1-1: Ball
2-1: Foul Ball, location: 2F
2-2: Ball
3-2: Base on Balls
Batting: RHB Askari bin Idris 0-0: Called Strike
0-1: Ball
1-1: Foul Ball, location: 2F
1-2: Grounds into double play, 6-4-3 (Groundball, 6, EV 108.8 MPH)
Top of the 6th over - 0 runs, 1 hit, 1 error, 2 left on base; Tortolita 2 - Athletic Club KC 0
BOTTOM OF THE 6TH
Athletic Club KC Reserves batting - Pitching for Tortolita Drummers : RHP Scott Thompson
Batting: LHB Jason Ward 0-0: Ball
1-0: Foul Ball, location: 2F
1-1: Foul Ball, location: 2F
1-2: Ball
2-2: Fly out, F8 (Flyball, 8LXD, EV 106.9 MPH)
Batting: LHB Kwang-chih Feng 0-0: Foul Ball, location: 2F
0-1: Called Strike
0-2: Ball
1-2: Strikes out looking
Batting: LHB Luis Miguel González 0-0: Ball
1-0: Called Strike
1-1: Ground out 4-3 (Groundball, 4, EV 88.1 MPH)
Bottom of the 6th over - 0 runs, 0 hits, 0 errors, 0 left on base; Tortolita 2 - Athletic Club KC 0
TOP OF THE 7TH
Tortolita Drummers batting - Pitching for Athletic Club KC Reserves : RHP Kris Massey
Batting: RHB Scotty Glenn 0-0: Ball
1-0: TRIPLE (Line Drive, 89XD, EV 101.2 MPH)
Batting: RHB Mason Congdon 0-0: Ball
1-0: Fly out, F9 (Line Drive, 9, EV 97.5 MPH)
Runner from 3rd tags up, SCORES, throw by RF
Batting: RHB Tso-i Wang 0-0: Called Strike
0-1: Ground out 5-3 (Groundball, 5, EV 81.9 MPH)
Batting: RHB Ken Moore 0-0: Called Strike
0-1: Ball
1-1: Swinging Strike
1-2: Fly out, F7 (Flyball, 7LMF, EV 90.6 MPH)
Top of the 7th over - 1 run, 1 hit, 0 errors, 0 left on base; Tortolita 3 - Athletic Club KC 0
BOTTOM OF THE 7TH
Athletic Club KC Reserves batting - Pitching for Tortolita Drummers : RHP Scott Thompson
Batting: RHB Francisco Vargas 0-0: Ball
1-0: SOLO HOME RUN (Flyball, 7D, EV 112.5 MPH), Distance : 353 ft
Batting: RHB Jihan Tuah 0-0: Called Strike
0-1: SINGLE (Groundball, 34D, EV 95.0 MPH)
Batting: RHB Tasuku Goto 0-0: Ball
1-0: Swinging Strike
1-1: Fly out, F8 (Flyball, 8RM, EV 75.6 MPH)
Batting: LHB Todd Baker 0-0: Called Strike
0-1: Swinging Strike
0-2: Ball
1-2: Fly out, F9 (Flyball, 89S, EV 92.5 MPH)
Batting: RHB Bobby McFillin 0-0: Swinging Strike
0-1: Ball
1-1: SINGLE (Popup, 4D, EV 46.2 MPH)
Jihan Tuah to second
Batting: RHB Gabriel Camparán 0-0: Ball
1-0: Foul Ball, location: 2F
1-1: Ball
2-1: Foul Ball, location: 2F
2-2: Ball
3-2: Foul Ball, location: 2F
3-2: Foul Ball, location: 2F
3-2: Foul Ball, location: 2F
3-2: Base on Balls
Jihan Tuah to third
Bobby McFillin to second
Batting: LHB Jason Ward 0-0: Called Strike
0-1: Ball
1-1: Ball
2-1: GRAND SLAM HOME RUN (Flyball, 9D, EV 110.0 MPH), Distance : 357 ft
Pitching: RHP Anderson O'Mara
Batting: LHB Kwang-chih Feng 0-0: Foul Ball, location: 2F
0-1: SINGLE (Groundball, 6, EV 90.0 MPH) (infield hit)
Batting: LHB Luis Miguel González 0-0: Called Strike
0-1: SINGLE (Line Drive, 89M, EV 107.5 MPH)
Kwang-chih Feng to second
Batting: RHB Francisco Vargas 0-0: Foul Ball, location: 2F
0-1: Foul Ball, location: 2F
0-2: Foul Ball, location: 2F
0-2: 3-RUN HOME RUN (Flyball, 78XD, EV 100.0 MPH), Distance : 362 ft
Pitching: RHP Burm Snart
Batting: RHB Jihan Tuah 0-0: Ball
1-0: Called Strike
1-1: Ball
2-1: SINGLE (Groundball, 6S, EV 84.4 MPH) (infield hit)
Batting: RHB Tasuku Goto 0-0: Foul Ball, location: 2F
0-1: Ball
1-1: Foul Ball, location: 2F
1-2: Foul Ball, location: 2F
1-2: Strikes out swinging
Bottom of the 7th over - 8 runs, 8 hits, 0 errors, 1 left on base; Tortolita 3 - Athletic Club KC 8
TOP OF THE 8TH
Tortolita Drummers batting - Pitching for Athletic Club KC Reserves : RHP Kris Massey
Batting: LHB Preston Witt 0-0: Called Strike
0-1: Ball
1-1: Foul Ball, location: 2F
1-2: Ball
2-2: Strikes out swinging
Batting: RHB Armando Chamú 0-0: Swinging Strike
0-1: Ball
1-1: Ball
2-1: Foul Ball, location: 2F
2-2: Strikes out swinging
Batting: RHB Seong-ho Chong 0-0: Ground out 4-3 (Groundball, 4, EV 105.6 MPH)
Top of the 8th over - 0 runs, 0 hits, 0 errors, 0 left on base; Tortolita 3 - Athletic Club KC 8
BOTTOM OF THE 8TH
Athletic Club KC Reserves batting - Pitching for Tortolita Drummers : RHP Burm Snart
Batting: LHB Todd Baker 0-0: Called Strike
0-1: Swinging Strike
0-2: Ball
1-2: Ball
2-2: Foul Ball, location: 2F
2-2: Ball
3-2: SOLO HOME RUN (Flyball, 89XD, EV 101.2 MPH), Distance : 406 ft
Batting: RHB Bobby McFillin 0-0: Called Strike
0-1: Ball
1-1: Fly out, F9 (Flyball, 89D, EV 101.2 MPH)
Batting: RHB Gabriel Camparán 0-0: Ball
1-0: Called Strike
1-1: DOUBLE (Groundball, 3L, EV 101.9 MPH)
Batting: LHB Jason Ward 0-0: Foul Ball, location: 2F
0-1: Foul Ball, location: 2F
0-2: Foul Ball, location: 2F
0-2: SINGLE (Line Drive, 8RS, EV 101.2 MPH)
Gabriel Camparán to third
Batting: LHB Kwang-chih Feng 0-0: Swinging Strike
0-1: Foul Ball, location: 2F
0-2: Ball
1-2: Fly out, F8 (Flyball, 8LD, EV 83.1 MPH)
Runner from 3rd tags up, OUT at HOME! 8-2
Bottom of the 8th over - 1 run, 3 hits, 0 errors, 1 left on base; Tortolita 3 - Athletic Club KC 9
TOP OF THE 9TH
Tortolita Drummers batting - Pitching for Athletic Club KC Reserves : RHP Kris Massey
Batting: RHB Tomás Costello 0-0: Foul Ball, location: 2F
0-1: Ball
1-1: Ball
2-1: Ground out 6-3 (Groundball, 6M, EV 91.9 MPH)
Batting: RHB Askari bin Idris 0-0: Ball
1-0: Foul Ball, location: 2F
1-1: DOUBLE (Line Drive, 7LD, EV 101.9 MPH)
Batting: RHB Scotty Glenn 0-0: Fly out, F8 (Line Drive, 8RM, EV 89.4 MPH)
Batting: RHB Mason Congdon 0-0: Ball
1-0: Foul Ball, location: 2F
1-1: Ball
2-1: Ball
3-1: DOUBLE (Groundball, 3L, EV 105.0 MPH)
Askari bin Idris scores
Batting: RHB Tso-i Wang 0-0: Foul Ball, location: 2F
0-1: Foul Ball, location: 2F
0-2: Foul Ball, location: 2F
0-2: Foul Ball, location: 2F
0-2: Ball
1-2: Foul Ball, location: 2F
1-2: Foul Ball, location: 2F
1-2: SINGLE (Groundball, 4MD, EV 106.9 MPH)
Mason Congdon to third
Batting: RHB Ken Moore 0-0: Ball
1-0: Foul Ball, location: 2F
1-1: Foul Ball, location: 2F
1-2: Foul Ball, location: 2F
1-2: Ball
2-2: Strikes out swinging
Top of the 9th over - 1 run, 3 hits, 0 errors, 2 left on base; Tortolita 4 - Athletic Club KC 9
Thursday, January 23rd, 2020 - OOTP Baseball 20.8 Build 74